 Dungeon Crawl Stone Soup version 0.21-a0-434-g806c6c2 (webtiles) character file.

158 slep the Skirmisher (level 5, -5/44 HPs)
             Began as a Demonspawn Wanderer on Nov 9, 2017.
             Killed by divine providence
             ... invoked by an orc priest
              (13 damage)
             ... on level 3 of the Dungeon.
             The game lasted 00:10:04 (1996 turns).

slep the Skirmisher (Demonspawn Wanderer)           Turns: 1996, Time: 00:10:04

Health: -5/44      AC:  3    Str: 15    XL:     5   Next: 16%
Magic:  5/5        EV: 14    Int: 12    God:
Gold:   226        SH:  3    Dex: 12    Spells: 4/4 levels left

rFire    + . .     SeeInvis .   a - +0 falchion
rCold    . . .     Gourm    .   q - +0 buckler
rNeg     . . .     Faith    .   A - +0 leather armour (curse)
rPois    .         Spirit   .   (no helmet)
rElec    .         Reflect  .   (no cloak)
rCorr    .         Harm     .   (no gloves)
MR       .....                  (no boots)
Stlth    +.........             (no amulet)
HPRegen  0.14/turn              m - +4 ring of evasion
MPRegen  0.09/turn              (no ring)

@: no status effects
A: talons 1, fire resistance 1
a: no special abilities


You were on level 3 of the Dungeon.
You were not hungry.

You visited 1 branch of the dungeon, and saw 3 of its levels.

You collected 226 gold pieces.

Inventory:

Hand Weapons
 a - a +0 falchion (weapon)
 b - a +2 blowgun
 d - a +0 short sword
 w - a +4 hand axe
 y - a +0 flail of draining
Missiles
 c - 5 curare-tipped needles
 z - 4 tomahawks (quivered)
Armour
 e - a +0 robe
 q - a +0 buckler (worn)
 x - a +2 leather armour of magic resistance
 A - a cursed +0 leather armour (worn)
Jewellery
 m - a +4 ring of evasion (left hand)
Wands
 v - a wand of paralysis (13/24)
Scrolls
 g - a scroll of remove curse {unknown}
 h - a scroll of noise {unknown}
 k - 2 scrolls of identify {unknown}
 l - a scroll of enchant weapon {unknown}
 n - a scroll of magic mapping {unknown}
 o - 3 scrolls of teleportation {unknown}
 p - a scroll of fog {unknown}
Potions
 j - 2 potions of curing {unknown}
 r - 2 potions of lignification {unknown}
 t - a potion of agility {unknown}
Comestibles
 f - 2 bread rations
 i - a royal jelly
 s - a meat ration
 u - 9 chunks of flesh


   Skills:
 + Level 5.4 Fighting
 + Level 1.8(2.4) Short Blades
 + Level 2.4(2.7) Long Blades
 + Level 1.0 Axes
 + Level 1.0 Throwing
 + Level 1.0 Armour
 + Level 0.7 Dodging
 + Level 0.8 Stealth
 + Level 1.0 Evocations


You had 4 spell levels left.
You didn't know any spells.

Dungeon Overview and Level Annotations

Branches:
Dungeon (3/15)

Altars:
Makhleb


Innate Abilities, Weirdness & Mutations

You have sharp toenails.
Your flesh is heat resistant. (rF+)


Message History

The orc priest calls upon Beogh to heal the orc priest.
The orc priest is healed somewhat.
The orc priest hits you.
* * * LOW HITPOINT WARNING * * *
The orc priest misses you.
You riposte.
You hit the orc priest but do no damage.
You claw the orc priest.
The orc priest is moderately wounded.
You hit the orc priest.
You claw the orc priest, but do no damage.
The orc priest is heavily wounded.
The orc priest hits you.
* * * LOW HITPOINT WARNING * * *
The orc priest hits you with a falchion.
* * * LOW HITPOINT WARNING * * *
Your shield prevents you from hitting the orc priest.
The orc priest is heavily wounded.
The orc priest invokes the aid of Beogh against you.
Beogh smites you!
You die...

#......###.⌠.###.# #...
##..#...#######..#####...
#####........................
#......##........#...##.#....
....###.....#.>.....##........#
#...........#..#...........####
..<###........##..###.....# #
#####...###..##......#
##..o@o#..#..##...##
#..#.#)#..#..###...###
#....#....#..###.....#
##..####.....##.......# #...#
##..........#... #####
##.........).#.
#..................
#...............##.
#........#.....###.


You could see 2 orc priests.

Vanquished Creatures
  An orc priest (D:3)
  A worker ant (D:2)
  4 adders
  2 oozes
  2 worms
  A leopard gecko (D:1)
  7 orcs (D:3)
  A ball python (D:1)
  7 goblins
  6 hobgoblins
  3 jackals (D:3)
  10 bats
  2 frilled lizards
  A kobold (D:2)
  4 rats
52 creatures vanquished.

Notes
Turn   | Place    | Note
-------+----------+-------------------------------------------
     0 | D:1      | slep the Demonspawn Wanderer began the quest for the Orb.
     0 | D:1      | slep set off with: 2 curare-tipped needles, a +2 blowgun, a +0 falchion, a +0 short sword, a +0 robe, a bread ration
     0 | D:1      | Reached XP level 1. HP: 19/19 MP: 1/1
    67 | D:1      | Gained mutation: You have sharp toenails. [demonic ancestry]
    67 | D:1      | Reached XP level 2. HP: 3/26 MP: 2/2
   879 | D:2      | Reached skill level 5 in Fighting
   879 | D:2      | Reached XP level 3. HP: 29/33 MP: 3/3
  1100 | D:2      | Reached XP level 4. HP: 23/39 MP: 4/4
  1272 | D:2      | Reached skill level 1 in Long Blades
  1462 | D:2      | Found a burning altar of Makhleb.
  1462 | D:2      | Noticed a balrug
  1853 | D:3      | Gained mutation: Your flesh is heat resistant. (rF+) [demonic ancestry]
  1853 | D:3      | Reached XP level 5. HP: 16/44 MP: 5/5
  1996 | D:3      | Killed from afar by an orc priest

Vault maps used:
D:1:      dpeg_arrival_rhombi, serial_glass, glass_columns_b, glass_columns_c,
          glass_columns_a, glass_columns_a
D:2:      makhleb_altar_promises_db, serial_bayou_lagoon_b
D:3:      cheibrodos_pilgrimage, lemuel_coloured_pillars_altar, first_bread

Skill      XL: |  1  2  3  4 |
---------------+-------------+-----
Fighting       | 5 |  5.4
Long Blades    | 2 |  2.4
Short Blades   | |  1.8
Axes           | |  1.0
Throwing       | |  1.0
Armour         | |  1.0
Dodging        | |  0.7
Stealth        | |  0.8
Evocations     | |  1.0

Action                   |  1- 3 |  4- 6 || total
-------------------------+-------+-------++-------
Melee: Falchion          |    65 |    73 ||   138
       Kick              |    11 |    22 ||    33
Throw: Tomahawk          |       |     4 ||     4
  Eat: Chunk             |     1 |     3 ||     4
Armor: Robe              |     7 |     4 ||    11
       Leather armour    |       |     1 ||     1
Dodge: Dodged            |    52 |    51 ||   103
Block: Buckler           |     1 |     9 ||    10
       Rpst.: Falchion   |    18 |    17 ||    35

Table legend:
 A = Spawn XP
 B = Non-spawn XP
 C = Spawn XP percentage of total XP
 D = Spawn monster count
 E = Non-spawn monster count
 F = Spawn count percentage of total count
 G = Total turns spent on level
                    A         B        C        D         E        F      G
               +---------+---------+-------+---------+---------+-------+---------
         Total |       0 |     226 |   0.0 |       0 |      52 |   0.0 |  1996
               +---------+---------+-------+---------+---------+-------+---------
           D:1 |       0 |      25 |   0.0 |       0 |      12 |   0.0 |   777
           D:2 |       0 |      97 |   0.0 |       0 |      23 |   0.0 |   893
           D:3 |       0 |     104 |   0.0 |       0 |      17 |   0.0 |   326
               +---------+---------+-------+---------+---------+-------+---------
